 Dungeon Crawl Stone Soup version 0.21.1-1-g345015f (webtiles) character file.

261 Kagorn the Slasher (level 5, -2/47 HPs)
             Began as a Minotaur Berserker on June 5, 2018.
             Was a Believer of Trog.
             Slain by a small abomination (7 damage)
             ... on level 1 of the Abyss.
             The game lasted 00:25:38 (2980 turns).

Kagorn the Slasher (Minotaur Berserker)             Turns: 2980, Time: 00:25:39

Health: -2/47      AC:  4    Str: 22    XL:     5   Next: 96%
Magic:  4/4        EV: 13    Int:  4    God:    Trog [**....]
Gold:   146        SH:  0    Dex: 10    Spells: 4/4 levels left

rFire    . . .     SeeInvis .   d - +0 long sword
rCold    . . .     Gourm    .   (no shield)
rNeg     . . .     Faith    .   o - +0 leather armour
rPois    .         Spirit   .   (helmet restricted)
rElec    .         Reflect  .   (no cloak)
rCorr    .         Harm     .   l - +0 pair of gloves
MR       .....                  (no boots)
Stlth    ++........             (no amulet)
HPRegen  0.15/turn              (no ring)
MPRegen  0.09/turn              (no ring)

@: about to teleport
A: retaliatory headbutt, horns 2
a: Berserk, Trog's Hand, Burn Spellbooks, Renounce Religion


You were on level 1 of the Abyss.
You worshipped Trog.
Trog was pleased with you.
You were not hungry.

You visited 1 branch of the dungeon, and saw 4 of its levels.
You visited the Abyss 1 time.

You collected 146 gold pieces.

Inventory:

Hand Weapons
 d - a +0 long sword (weapon)
Armour
 a - a +0 cloak
 l - a +0 pair of gloves (worn)
 o - a +0 leather armour (worn)
Wands
 g - a wand of clouds (4)
Scrolls
 f - a scroll of fear {unknown}
 h - a scroll of teleportation
 k - 2 scrolls of identify
Potions
 b - a potion of agility
 e - 2 potions of heal wounds
Comestibles
 c - 7 rations


   Skills:
 + Level 4.8 Fighting
 + Level 5.3 Long Blades
 + Level 3.3 Armour
 + Level 3.6 Dodging
 * Level 2.0 Stealth


You had 4 spell levels left.
You didn't know any spells.

Dungeon Overview and Level Annotations

Branches:
Dungeon (4/15)
 Temple: D:4-7

Altars:
Cheibriados
Dithmenos
Hepliaklqana
Kikubaaqudgha
Vehumet
The Shining One


Innate Abilities, Weirdness & Mutations

You reflexively headbutt those who attack you in melee.
You have a pair of horns on your head.


Message History

Press: ? - help, v - describe, . - travel The floor.
Found 31 gold pieces.
Found a cloak.
The small abomination closely misses you.
You furiously retaliate!
You headbutt the small abomination!
You riposte.
You hit the small abomination.
The small abomination is heavily damaged.
You see here 31 gold pieces.
The small abomination hits you!
You see here a cloak.
a - a cloak The small abomination hits you!
* * * LOW HITPOINT WARNING * * *
The small abomination closely misses you.
As you read the scroll of teleportation, it crumbles to dust.
You feel strangely unstable.
You feel the power of the Abyss delaying your translocation!
The small abomination hits you!
You die...

. . . #### . .# # .. ...
.. ..# #.###. ...
##..........#..ยง. .#..
... .#.. . # ..#.# .....
# . #...# ###..#...... .
#.# ## ## #.#.@.......
#.#.###...###..x#.#.####
...$# ....#.##.##.#
#...............# .#
.....#.....#..#..# . ..
####...###.###.#.. #...#
##.## ### . .## #####
#...# #.. ..# # ....#
...


You could see a small abomination.

Vanquished Creatures
  The ghost of cjay27 the Firebug, an amateur DrFE of Gozag (D:3)
  A crimson imp (D:3)
  An orc wizard (D:4)
  Ijyb (D:3)
  3 adders
  5 leopard geckos
  3 orcs
  5 giant cockroaches
  5 goblins
  5 hobgoblins
  2 jackals (D:2)
  A quokka (D:4)
  10 bats
  5 frilled lizards
  6 kobolds
  7 rats
61 creatures vanquished.

Notes
Turn   | Place    | Note
-------+----------+-------------------------------------------
     0 | D:1      | Kagorn the Minotaur Berserker began the quest for the Orb.
     0 | D:1      | Reached XP level 1. HP: 19/19 MP: 0/0
   310 | D:1      | Reached XP level 2. HP: 23/27 MP: 1/1
   502 | D:1      | Reached skill level 4 in Long Blades
   836 | D:1      | Reached ** piety under Trog
  1014 | D:1      | Reached XP level 3. HP: 33/33 MP: 2/2
  1454 | D:2      | Found a shadowy altar of Dithmenos.
  1859 | D:2      | Found a snail-covered altar of Cheibriados.
  1922 | D:3      | Noticed cjay27's ghost (amateur DrFE)
  1936 | D:3      | Killed cjay27's ghost
  1936 | D:3      | Reached skill level 1 in Stealth
  1936 | D:3      | Reached XP level 4. HP: 14/41 MP: 3/3
  2102 | D:3      | Reached XP level 5. HP: 40/47 MP: 4/4
  2113 | D:3      | Noticed Ijyb
  2141 | D:3      | Killed Ijyb
  2324 | D:3      | Found an ancient bone altar of Kikubaaqudgha.
  2324 | D:3      | Found a faded altar of an unknown god.
  2332 | D:3      | Found a faded altar of an unknown god.
  2335 | D:3      | Found a hazy altar of Hepliaklqana.
  2337 | D:3      | Found a radiant altar of Vehumet.
  2408 | D:3      | Reached skill level 5 in Long Blades
  2904 | D:4      | Found a glowing golden altar of the Shining One.
  2930 | D:4      | Cast into level 1 of the Abyss (orc)
  2949 | Abyss:1  | Noticed a small abomination
  2954 | Abyss:1  | Noticed an ancient zyme
  2980 | Abyss:1  | Slain by a small abomination

Skill      XL: |  1  2  3  4  5 |
---------------+----------------+-----
Fighting       | 4 |  4.8
Long Blades    | 4 5 |  5.3
Armour         | 3 |  3.3
Dodging        | 3 |  3.6
Stealth        | 1 2 |  2.0

Action                   |  1- 3 |  4- 6 || total
-------------------------+-------+-------++-------
Melee: Falchion          |    96 |    64 ||   160
       Headbutt          |    12 |    10 ||    22
       Long sword        |       |    20 ||    20
Invok: Berserk           |     1 |       ||     1
       Trog's Hand       |     1 |       ||     1
  Use: Scroll            |       |     9 ||     9
       Potion            |       |     5 ||     5
 Stab: Sleeping          |       |     1 ||     1
  Eat: Ration            |     2 |       ||     2
       Chunk             |     1 |       ||     1
Armor: Animal skin       |    46 |     1 ||    47
       Leather armour    |       |    11 ||    11
Dodge: Dodged            |    68 |    56 ||   124
       Rpst.: Falchion   |    15 |     9 ||    24
       Long sword        |       |     6 ||     6
